← All builds
Suicide front / Legion / Quick factory / OBSERVED BUILD

Standard suicide front

Legion Suicide front build order · Supreme Isthmus

Quick Bot Lab into Vehicle Plant to project force at middle early with Ballista, Satyr, Decurion and Lance, transitioning into Barrage artillery and an Advanced Metal Extractor as the game develops.

#rush #raid · 55 distinct matches · 26 players · 77% of Legion Suicide front games · team won 59% of 58 · Recently observed

HOW TO PLAY IT

Key timing: Legion Vehicle Plant by 1:01

  1. Take first mex while the bot lab goes down immediately.
  2. Finish the bot lab fast to start producing early bots.
  3. Queue the vehicle plant right after for Ballista and Satyr.
  4. Push Ballista and Barrage to contest middle early.
  5. Transition into an advanced mex once T2 constructor is up.

Phase by phase

TYPICAL OF ITS 55 GAMES
  1. 1
  2. 2
  3. 3
PLAY THE OPENING

Follow the example game's first 6:00 step by step: what to build now, what comes next, and where it goes. At 1× it keeps pace with your own game.

  1. 1

    Up to the Legion Bot Lab

    Economy
    • Metal Extractor2Mex
    Order
    1. Legion Bot LabLegion Bot Lab after 2 mexdone ~0:34, middle half 0:27–0:45

    By 0:18 in all: 2 mex

    The example game in this phase · 1 step
    1. Legion Bot LabLegion Bot Labdone 0:20 · typical 0:34
  2. 2

    Legion Bot Lab to 5:00

    Economy
    • Metal Extractor4Mex
    • Wind Turbine6Wind
    Army
    • Pharos4 Pharos
    Other
    • Radar Tower1 Radar Tower

    Some games also: Legion Construction Bot (45%) · Zagreus (45%) · Legion Construction Vehicle (41%) · Barrage (41%) · con turret (41%)

    By 5:00 in all: 5 mex · 7 wind

    The example game in this phase · 32 steps
    1. GoblinGoblin
    2. Mex
    3. GoblinGoblin
    4. Wind
    5. Legion Construction BotLegion Construction Bot
    6. Mex
    7. ZagreusZagreus
    8. Wind
    9. Mex
    10. Legion Construction BotLegion Construction Bot
    11. PharosPharos
    12. Legion Construction BotLegion Construction Bot
    13. KarkinosKarkinos
    14. Mex
    15. KarkinosKarkinos
    16. PharosPharos
    17. KarkinosKarkinos
    18. Mex
    19. Radar TowerRadar Tower
    20. PharosPharos
    21. BallistaBallista
    22. PharosPharos
    23. BallistaBallista ×2
    24. Con turret
    25. BallistaBallista ×2
    26. PharosPharos
    27. ZagreusZagreus
    28. Legion Construction BotLegion Construction Bot
    29. BallistaBallista ×3
    30. CacophonyCacophony
    31. BallistaBallista
    32. Con turret
  3. 3

    5:00 to 10:00

    Economy
    • Metal Extractor1Mex
    • Wind Turbine10Wind
    Builders
    • Construction Turret1 Con turret

    Some games also: Radar Tower (48%) · Pharos (43%) · energy storage (41%) · Lance (36%) · Zagreus (33%)

    By 10:00 in all: 6 mex · 19 wind · 1 energy storage · 3 con turret

    The example game in this phase · 131 steps
    1. BallistaBallista
    2. Dragon's TeethDragon's Teeth ×3
    3. BallistaBallista ×3
    4. KarkinosKarkinos
    5. Con turret
    6. KarkinosKarkinos
    7. Wind
    8. KarkinosKarkinos
    9. Wind ×2
    10. KarkinosKarkinos
    11. Wind
    12. Mex
    13. Wind ×2
    14. ZagreusZagreus
    15. Legion Construction BotLegion Construction Bot
    16. Energy storage ×2
    17. Legion Construction BotLegion Construction Bot ×2
    18. Mex
    19. Radar TowerRadar Tower
    20. Wind
    21. Solar
    22. Legion Construction BotLegion Construction Bot
    23. Advanced solar
    24. Wind
    25. KarkinosKarkinos
    26. Wind
    27. ZagreusZagreus
    28. Wind
    29. Mex
    30. Advanced solar
    31. Legion Construction BotLegion Construction Bot
    32. Advanced solar
    33. GoblinGoblin
    34. Con turret
    35. GoblinGoblin
    36. Wind
    37. Advanced Metal ExtractorT2 mexdone 8:58
    38. BrambleBramble
    39. GoblinGoblin
    40. Con turret
    41. GoblinGoblin ×2
    42. Mex
    43. Wind ×2
    44. GoblinGoblin ×3
    45. Advanced Metal ExtractorT2 mex
    46. GoblinGoblin
    47. Advanced solar
    48. Wind ×2
    49. GoblinGoblin
    50. Wind
    51. GoblinGoblin
    52. Wind ×2
    53. GoblinGoblin
    54. Wind
    55. GoblinGoblin
    56. Wind
    57. GoblinGoblin
    58. Wind
    59. GoblinGoblin
    60. Wind
    61. ZagreusZagreus
    62. Legion Bot LabLegion Bot Labdone 9:42
    63. Wind ×2
    64. GoblinGoblin
    65. Wind
    66. GoblinGoblin
    67. Wind
    68. Radar TowerRadar Tower
    69. GoblinGoblin
    70. Wind
    71. GoblinGoblin ×2
    72. Wind
    73. Advanced solar
    74. Wind
    75. ZagreusZagreus ×2
    76. PharosPharos
    77. GoblinGoblin ×2
    78. Advanced Metal ExtractorT2 mex
    79. GoblinGoblin ×2
    80. Wind
    81. GoblinGoblin ×3
    82. Advanced Metal ExtractorT2 mexdone 11:09
    83. GoblinGoblin ×2
    84. Wind
    85. GoblinGoblin
    86. Wind
    87. GoblinGoblin ×6
    88. Wind
    89. GoblinGoblin ×2
    90. Wind
    91. GoblinGoblin ×2
    92. Wind
    93. GoblinGoblin
    94. Wind
    95. GoblinGoblin ×2
    96. Advanced solar
    97. Wind
    98. ZagreusZagreus
    99. GoblinGoblin
    100. Legion Construction BotLegion Construction Bot ×2
    101. Con turret
    102. Legion Construction BotLegion Construction Bot ×4
    103. Mex
    104. Legion Construction BotLegion Construction Bot
    105. GoblinGoblin
    106. Advanced Metal ExtractorT2 mex
    107. GoblinGoblin
    108. PharosPharos
    109. Legion Construction BotLegion Construction Bot
    110. GoblinGoblin ×2
    111. BrambleBramble
    112. ZagreusZagreus
    113. Radar TowerRadar Tower
    114. Con turret
    115. GoblinGoblin ×3
    116. Mex
    117. Advanced solar
    118. GoblinGoblin
    119. Con turret
    120. GoblinGoblin ×3
    121. Con turret
    122. GoblinGoblin ×3
    123. Con turret
    124. GoblinGoblin
    125. PharosPharos
    126. GoblinGoblin ×3
    127. Con turret
    128. GoblinGoblin ×2
    129. Con turret
    130. GoblinGoblin ×4
    131. ZagreusZagreus

Counts are medians over the build's games: half of them build more, half fewer. The example game is TheGeneraI's (33 OS, 19/09/2026); pick another.

Team trades

IN AT LEAST 30% OF ITS GAMES

You hand over

Nothing regular.

You get

  • Tidal Generator4 Tidal from Pondfirst at 0:11 · in 52% of games
  • Advanced Construction Bot1 T2 con bot from Geo or Techfirst at 7:31 · in 48% of games

How it plays out

Typical game of this build, running totals by minute

Metal produced

010k20k
0:005:0010:0015:00

metal

Enemy metal destroyed

05k10k
0:005:0010:0015:00

metal

Own metal lost

05k10k
0:005:0010:0015:00

metal

58 games.

Show as table
ByMetal produced: This buildEnemy metal destroyed: This buildOwn metal lost: This build
1:0029100
2:0087900
3:00181617250
4:002774459290
5:0038471092625
6:00484418481085
7:00589329401953
8:00727243292701
9:00847448643265
10:00972556044448
11:001112356744806
12:001315861295595
13:001386666067159
14:001569070087755
15:001732675898208
WHAT THE NUMBERS SAY

This aggressive opening wins more often than the role's other lines, with enemy metal destroyed well above own losses by 15:00.

  • + Enemy metal destroyed (9422) nearly doubles own metal lost (8541) by 15:00.
  • + Team wins 58% of games, strongest result among these roles.
  • − Own metal lost climbs fast early, 770 by 5:00 from committing hard.
THE EXAMPLE YOU ARE READING

TheGeneraI

32.5 OS · 19/09/2026

Open source match ↗

7 received units · includes a constructor
85 metal received · 73872 energy received

Allied construction assistance is unknown. Timings are observations, not a promise of solo reproducibility.

Typical milestones

Legion Bot Lab0:34Middle 50%: 0:27–0:45 · n=33
Legion Vehicle Plant0:43Middle 50%: 0:30–1:02 · n=37

Played most by

XuunnY11games of this build_X_6games of this buildChancho4games of this build[crd]sisa3games of this buildxabre3games of this build